 Dungeon Crawl Stone Soup version 0.30.1-11-g7821555f0a (webtiles) character file.

Game seed: 7716432678732748871

860 LoWang the Twirler (level 8, -2/58 HPs)
             Began as a Human Gladiator on Dec 12, 2023.
             Was an Initiate of Qazlal.
             Slain by Pikel
             ... wielding a +2 whip of electrocution
              (4 damage)
             ... on level 4 of the Dungeon.
             The game lasted 00:09:11 (1806 turns).

LoWang the Twirler (Human Gladiator)                Turns: 1806, Time: 00:09:12

Health: -2/58      AC: 10    Str: 16    XL:     8   Next: 22%
Magic:  8/8        EV: 11    Int: 10    God:    Qazlal [......]
Gold:   82         SH:  0    Dex: 14    Spells: 5/7 levels left

rFire   + . .        a - +0 quarterstaff
rCold   . . .        (shield currently unavailable)
rNeg    . . .        d - +2 scale mail {rF+}
rPois   .            c - +0 helmet
rElec   .            (no cloak)
rCorr   .            (no gloves)
SInv    .            (no boots)
Will    .....        f - amulet of regeneration
Stlth   +            (no ring)
HPRegen 1.09/turn    (no ring)
MPRegen 0.11/turn

%: no passive effects
@: no status effects
A: no striking features
a: Renounce Religion


You were on level 4 of the Dungeon.
You worshipped Qazlal.
Qazlal was noncommittal.
You visited 2 branches of the dungeon, and saw 6 of its levels.

You collected 82 gold pieces.

Inventory:

Hand Weapons
 a - a +0 quarterstaff (weapon)
 q - a +0 rapier of draining
Missiles
 g - a boomerang (quivered)
Armour
 b - a +0 leather armour
 c - a +0 helmet (worn)
 d - a +2 scale mail of fire resistance (worn)
Jewellery
 f - an amulet of regeneration (around neck)
Scrolls
 n - a scroll of fog
Potions
 h - 4 potions of brilliance {unknown}
 j - 2 potions of heal wounds {unknown}
 k - a potion of might {unknown}
 l - a potion of attraction {unknown}
 m - a potion of lignification {unknown}
 o - a potion of flight {unknown}
 p - a potion of ambrosia {unknown}


   Skills:
 * Level 3.5 Fighting
 * Level 6.0 Staves
 * Level 3.4 Throwing
 * Level 3.2 Armour
 * Level 4.2 Dodging
 * Level 3.0 Stealth


You had 5 spell levels left.
You knew the following spells:

 Your Spells              Type           Power      Damage    Failure   Level
a - Static Discharge      Conj/Air       0%         2-2/arc   90%         2

Your spell library contained the following spells:

 Spells                   Type           Power      Damage    Failure   Level
 Airstrike                Air            0%         2d(0-16)  100%        4
 Summon Lightning Spire   Summ/Air       0%         N/A       100%        4


Dungeon Overview and Level Annotations

Branches:
Dungeon (5/15)             Temple (1/1) D:5

Altars:
Cheibriados
Dithmenos
Elyvilon
Fedhas
Kikubaaqudgha
Okawaru
Qazlal
Ru
Sif Muna
Trog
Uskayaw
Vehumet
Wu Jian
Xom
Yredelemnul
Zin

Annotations:
D:4 Pikel


Message History

You thump Pikel!
Pikel is severely wounded.
Pikel completely misses you.
You barely miss Pikel.
Pikel is severely wounded.
Pikel closely misses you.
You hit Pikel but do no damage.
Pikel is severely wounded.
Pikel hits you with a +2 whip of electrocution.
You hit Pikel.
Pikel is severely wounded.
Pikel barely misses you.
You closely miss Pikel.
Pikel is severely wounded.
Pikel hits you with a +2 whip of electrocution.
You are electrocuted!
You hit Pikel.
Pikel is almost dead.
Pikel hits you with a +2 whip of electrocution.
You are electrocuted!
You hit Pikel.
Pikel is almost dead.
Pikel hits you with a +2 whip of electrocution!
* * * LOW HITPOINT WARNING * * *
You closely miss Pikel.
Pikel is almost dead.
Pikel hits you with a +2 whip of electrocution!
* * * LOW HITPOINT WARNING * * *
Unknown command.
You feel better.
Pikel hits you with a +2 whip of electrocution.
* * * LOW HITPOINT WARNING * * *
You hit Pikel but do no damage.
Pikel is almost dead.
Pikel hits you with a +2 whip of electrocution!
* * * LOW HITPOINT WARNING * * *
You hit Pikel but do no damage.
Pikel is almost dead.
Pikel hits you with a +2 whip of electrocution.
You die...

#.###.......#
####)..#....[..#
...
......5(.......#
...
.†.....#.......#
..
.†.....#...|...#
..
.......#.......#
.#
########.....).#
.# #.........
#...5..)##.#
#.........
######55#@.#
#.........
##.#K##
#.........
#..5###
#.........
#.>...###
#.........
##......#
#.........
#.......#
#.........
#.......#
#.....####
#.....#####.....#
#..##...........#


You could see Pikel and a lemure.

Vanquished Creatures
  Menkaure (D:4)
  An ice beast (D:5)
  A black bear (D:5)
  A phantom (D:5)
  2 scorpions (D:5)
  2 hounds
  A jelly (D:5)
  Terence (D:3)
  A gnoll bouda (D:5)
  A sleepcap (D:5)
  3 iguanas (D:5)
  4 gnolls
  3 adders
  An ufetubus (D:5)
  A dart slug (D:1)
  8 orcs
  2 endoplasms
  2 giant cockroaches
  3 goblins
  2 hobgoblins (D:1)
  3 jackals
  A quokka (D:3)
  5 ball pythons
  A frilled lizard (D:1)
  A kobold (D:2)
  3 rats
55 creatures vanquished.

Notes
Turn   | Place    | Note
-------+----------+-------------------------------------------
     0 | D:1      | LoWang the Human Gladiator began the quest for the Orb.
     0 | D:1      | Reached XP level 1. HP: 16/16 MP: 1/1
   161 | D:1      | Reached XP level 2. HP: 22/22 MP: 2/2
   289 | D:2      | Reached XP level 3. HP: 27/27 MP: 3/3
   314 | D:2      | Reached skill level 1 in Stealth
   473 | D:3      | Noticed Terence
   497 | D:3      | Killed Terence
   498 | D:3      | Reached XP level 4. HP: 24/33 MP: 4/4
   548 | D:4      | Noticed Menkaure
   555 | D:4      | Killed Menkaure
   556 | D:4      | Reached skill level 4 in Staves
   556 | D:4      | Reached skill level 1 in Armour
   556 | D:4      | Reached XP level 5. HP: 29/39 MP: 5/5
   568 | D:4      | Reached XP level 6. HP: 46/46 MP: 6/6
   596 | D:5      | Entered Level 5 of the Dungeon
   596 | D:5      | Found a staircase to the Ecumenical Temple.
   621 | Temple   | Entered the Ecumenical Temple
   795 | Temple   | Became a worshipper of Qazlal Stormbringer
   921 | D:5      | Reached skill level 5 in Staves
   930 | D:5      | Found a radiant altar of Vehumet.
  1027 | D:5      | Reached XP level 7. HP: 46/52 MP: 7/7
  1259 | D:5      | Found a shimmering altar of Xom.
  1561 | D:4      | Reached XP level 8. HP: 56/58 MP: 8/8
  1622 | D:4      | Noticed Pikel
  1645 | D:5      | Reached skill level 6 in Staves
  1722 | D:4      | Learned a level 2 spell: Static Discharge
  1803 | D:4      | HP: 1/58 [Pikel/+2 whip of electrocution (11)]
  1806 | D:4      | Slain by Pikel

Illustrated notes

Levels and vault maps discovered:
D:1:      amcnicky_arrival_abandoned_market, layout_basic, minmay_surrounded
D:2:      layout_loops_ring
D:3:      minmay_inner_zag, layout_loops_ring, uniq_terence
D:4:      layout_basic, mainiacjoe_overflow_cross_hatched, uniq_pikel,
          uniq_menkaure
D:5:      layout_cave_pools, lemuel_crystal_altar, vehumet_crystals,
          minmay_temple_entry_purple_smoke, grunt_ministairs_5
Temple:   nicolae_temple_great_sept

Skill      XL: |  1  2  3  4  5  6  7  8 |
---------------+-------------------------+-----
Stealth        | 1 2 3 |  3.0
Staves         | 4 5 6 |  6.0
Armour         | 1 2 3 |  3.2
Fighting       | 3 |  3.5
Dodging        | 4 |  4.2
Throwing       | 3 |  3.4

Action                     |  1- 3 |  4- 6 |  7- 9 || total
---------------------------+-------+-------+-------++-------
  Melee: Quarterstaff      |    56 |    74 |   133 ||   263
  Throw: Throwing net      |     3 |       |     1 ||     4
         Boomerang         |       |    21 |    16 ||    37
         Javelin           |       |       |     1 ||     1
    Use: Scroll            |     2 |       |     2 ||     4
         Potion            |       |     2 |     1 ||     3
   Stab: Sleeping          |     1 |       |       ||     1
         Held in net/web   |       |       |     4 ||     4
 Armour: Leather armour    |    11 |       |       ||    11
         Scale mail        |       |    34 |   110 ||   144
  Dodge: Dodged            |    36 |    34 |   137 ||   207
